 Dungeon Crawl Stone Soup version 0.31-a0-217-g58bb5d79cf (webtiles) character file.

Game seed: 11318034761405132234

52 qw the Shooter (level 3, 0/29 HPs)
             Began as a Minotaur Hexslinger on July 2, 2023.
             Slain by an adder (1 damage)
             ... on level 2 of the Dungeon.
             The game lasted 00:00:29 (664 turns).

qw the Shooter (Minotaur Hexslinger)                 Turns: 664, Time: 00:00:30

Health: 0/29       AC:  5    Str:  9 (12) XL:     3   Next: 60%
Magic:  3/3        EV: 10    Int: 10      God:
Gold:   32         SH:  0    Dex: 12 (14) Spells: 3/4 levels left

rFire   . . .        Y - +1 sling
rCold   . . .        (no shield)
rNeg    . . .        f - +0 ring mail
rPois   .            (helmet restricted)
rElec   .            (no cloak)
rCorr   +            (no gloves)
SInv    .            (no boots)
Will    .....        (no amulet)
Stlth   +            k - ring of resist corrosion
HPRegen 0.24/turn    (no ring)
MPRegen 0.08/turn

%: no passive effects
@: about to teleport
A: horns 2, retaliatory headbutt
a: no special abilities


You were on level 2 of the Dungeon.
You visited 1 branch of the dungeon, and saw 2 of its levels.

You collected 32 gold pieces.


Innate Abilities, Weirdness & Mutations

You have a pair of horns on your head.
You reflexively headbutt those who attack you in melee.


   Skills:
 - Level 2.1 Fighting
 - Level 4.1 Ranged Weapons
 + Level 0.2 Armour
 - Level 2.1 Dodging
 - Level 1.0 Spellcasting
 - Level 2.0 Hexes


You had 3 spell levels left.
You knew the following spells:

 Your Spells              Type           Power      Damage    Failure   Level
a - Slow                  Hex            16%        N/A       38%         1

Your spell library contained the following spells:

 Spells                   Type           Power      Damage    Failure   Level
 Inner Flame              Hex/Fire       2%         N/A       88%         3
 Portal Projectile        Hex/Tloc       4%         N/A       88%         3
 Cause Fear               Hex            2%         N/A       99%         4

Inventory:

Hand Weapons
 Y - a +1 sling (weapon)
Armour
 f - a +0 ring mail (worn)
Jewellery
 k - a ring of resist corrosion (left hand)
Scrolls
 a - a scroll of identify
 c - a scroll of enchant armour
Potions
 j - a potion of heal wounds {unknown}

Dungeon Overview and Level Annotations

Branches:
Dungeon (2/15)

Altars:


Message History

The gnoll shouts!
An adder comes into view.
You shoot a sling bullet. The adder hisses angrily.
The sling bullet hits the goblin!
You kill the goblin!
You shoot a sling bullet.
The sling bullet hits the gnoll but does no damage.
You shoot a sling bullet. The sling bullet hits the gnoll.
The gnoll is moderately wounded.
The gnoll closely misses you. x2
You shoot a sling bullet.
The sling bullet hits the gnoll but does no damage.
The gnoll is moderately wounded.
The gnoll hits you from afar with a +0 spear.
The gnoll hits you but does no damage. The adder completely misses you.
The gnoll barely misses you. The gnoll closely misses you.
You shoot a sling bullet.
The sling bullet barely misses the gnoll.
The adder bites you but does no damage.
The gnoll hits you from afar with a +0 spear!
The gnoll hits you with a +0 whip. The adder barely misses you.
You furiously retaliate!
You headbutt the adder. You shoot a sling bullet.
The sling bullet hits the gnoll but does no damage.
The gnoll is moderately wounded.
The adder barely misses you. The gnoll barely misses you. The gnoll misses you.
You furiously retaliate!
You headbutt the gnoll. The adder bites you but does no damage.
You shoot a sling bullet.
The sling bullet barely misses the gnoll.
The gnoll hits you from afar with a +0 spear.
The gnoll hits you with a +0 whip. The adder bites you but does no damage.
The gnoll hits you from afar with a +0 spear.
The gnoll hits you with a +0 whip!
664 ||| READING scroll of teleportation.
As you read the scroll of teleportation, it crumbles to dust.
You feel strangely unstable. The adder bites you.
You die...

.## #...# ..### #..:#
.$.. .[..####...# ....#
......##...# ....#
#...}......# ....##
###...#....### .#...
##.###.....# ##)g.##.#
#..# #####.###gS......
###.########....@#.#.#.
..............[.>.......
#################.#.#.#.
..... .#.#.# .#.# .. .#
# # .#


You could see 2 gnolls and an adder.

Vanquished Creatures
  An adder (D:2)
  A gnoll (D:2)
  A dart slug (D:1)
  3 bats
  2 endoplasms (D:1)
  A giant cockroach (D:2)
  3 goblins
  5 hobgoblins (D:1)
  3 quokkas (D:1)
  A ball python (D:1)
  A frilled lizard (D:1)
  7 kobolds
  2 rats (D:1)
31 creatures vanquished.

Notes
Turn   | Place    | Note
-------+----------+-------------------------------------------
     0 | D:1      | qw the Minotaur Hexslinger began the quest for the Orb.
     0 | D:1      | Reached XP level 1. HP: 16/16 MP: 1/1
     0 | D:1      | 0 ||| qw: Version: 0.3-a-40-ge99b1a8
     0 | D:1      | 0 ||| qw: Game counter: 272
     0 | D:1      | 0 ||| qw: Melee chars always use a shield: true
     0 | D:1      | 0 ||| qw: God list: Okawaru
     0 | D:1      | 0 ||| qw: Allow faded altars: false
     0 | D:1      | 0 ||| qw: Do Orc after clearing Dungeon:15 true
     0 | D:1      | 0 ||| qw: Do second Lair branch before Depths: true
     0 | D:1      | 0 ||| qw: Lair rune preference: random
     0 | D:1      | 0 ||| qw: Goals: Normal
     0 | D:1      | 0 ||| PLANNING D:1-11
     9 | D:1      | 9 ||| DROPPING scroll of poison.
   109 | D:1      | Reached skill level 3 in Ranged Weapons
   126 | D:1      | Reached XP level 2. HP: 23/23 MP: 2/2
   137 | D:1      | 137 ||| FLEEEEING.
   138 | D:1      | 138 ||| FLEEEEING.
   139 | D:1      | 139 ||| FLEEEEING.
   140 | D:1      | 140 ||| FLEEEEING.
   141 | D:1      | 141 ||| FLEEEEING.
   142 | D:1      | 142 ||| FLEEEEING.
   143 | D:1      | 143 ||| FLEEEEING.
   144 | D:1      | 144 ||| FLEEEEING.
   397 | D:1      | Reached XP level 3. HP: 29/29 MP: 3/3
   424 | D:1      | 424 ||| UPGRADING to +0 ring mail.
   434 | D:1      | 434 ||| DROPPING +0 robe.
   435 | D:1      | 435 ||| UPGRADING to ring of resist corrosion.
   436 | D:1      | 436 ||| READING 2 scrolls labelled UFESKALIRU.
   437 | D:1      | 437 ||| READING scroll labelled DEIMUSSEYG.
   438 | D:1      | 438 ||| READING scroll labelled EJOCLO TOXIMU.
   490 | D:1      | 490 ||| READING scroll labelled IHIFEU QICASH.
   495 | D:1      | 495 ||| DRINKING 2 metallic yellow potions.
   540 | D:1      | 540 ||| DRINKING 2 fizzy green potions.
   541 | D:1      | 541 ||| DROPPING potion of lignification.
   542 | D:1      | 542 ||| DROPPING potion of degeneration.
   557 | D:2      | 557 ||| STAIRDANCE
   652 | D:2      | Reached skill level 4 in Ranged Weapons
   663 | D:2      | HP: 1/29 [gnoll/+0 whip (8)]
   664 | D:2      | 664 ||| READING scroll of teleportation.
   664 | D:2      | Slain by an adder

Levels and vault maps discovered:
D:1:      beargit_arrival_greenhouse, layout_rooms
D:2:      layout_basic, nicolae_ecumenical_snake_handling, basic_altar,
          grunt_ministairs_13, minmay_misc_feat_pillars

Skill      XL: |  1  2  3 |
---------------+----------+-----
Ranged Weapons | 3 4 |  4.1
Fighting       | 2 |  2.1
Armour         | |  0.2
Dodging        | |  2.1
Spellcasting   | |  1.0
Hexes          | |  2.0

Action                     || total
---------------------------++-------
   Fire: Sling             ||   106
    Use: Scroll            ||     5
         Potion            ||     2
 Armour: Robe              ||     3
         Ring mail         ||    12
  Dodge: Dodged            ||    33

Table legend:
 A = Non-vault XP
 B = Vault XP
 C = Vault XP percentage of total XP
 D = Non-vault monster count
 E = Vault monster count
 F = Vault count percentage of total count
                 A         B        C        D         E       F
            +---------+---------+-------+---------+---------+-------
      Total |      61 |      14 |  18.7 |      29 |       2 |   6.5
            +---------+---------+-------+---------+---------+-------
        D:1 |      43 |       0 |   0.0 |      25 |       0 |   0.0
        D:2 |      18 |      14 |  43.8 |       4 |       2 |  33.3
            +---------+---------+-------+---------+---------+-------
